AoeStats
← Sylar

Mountain Pass

517435834Analyzed
2v2 RM · 5d ago on Oct 30, 2026· 38m 9s· 4 players
Game mode
Random Map
Map size
Medium (4 player)
Population
200
Speed
Normal
Resources
Standard
Victory
Conquest
Starting age
Dark Age
Ending age
Imperial Age
RankedLock teamsTeams togetherTeam positionsShared explorationLock speedFull tech treeHidden civsTurbo modeCheats
Victory
Defeat
🇫🇷 Malians · France
791
+15
🇫🇷 Goths · France
784
+16
vs
🇲🇽 Chinese · Mexico
785
-16
🇲🇽 Huns · Mexico
768
-15
Dorro9530
4:01 Loom
14:52 Feudal Age
15:56 Town Watch
17:03 Wheelbarrow
16:22 Double-Bit Axe
19:11 Arson
19:55 Man-at-Arms
21:10 Gold Mining
23:19 Scale Barding Armor
23:26 Forging
23:38 Scale Mail Armor
23:37 Horse Collar
29:04 Castle Age
27:47 Fletching
28:49 Padded Archer Armor
30:26 Crossbowman
30:31 Pikeman
36:57 Thumb Ring
CrinklyChanel
3:15 Loom
13:26 Feudal Age
14:55 Wheelbarrow
17:01 Double-Bit Axe
19:40 Fletching
21:32 Padded Archer Armor
23:34 Gold Mining
27:39 Castle Age
Nomisteak
5:17 Loom
17:48 Feudal Age
18:30 Double-Bit Axe
18:29 Horse Collar
19:37 Man-at-Arms
21:08 Gold Mining
25:42 Forging
25:33 Scale Mail Armor
35:55 Castle Age
Sylar
5:09 Loom
15:07 Feudal Age
21:06 Fletching
21:17 Padded Archer Armor
21:08 Horse Collar
21:20 Double-Bit Axe
23:39 Castle Age
22:26 Stone Mining
23:51 Gold Mining
24:39 Wheelbarrow
23:50 Town Watch
24:20 Crossbowman
26:30 Elite Skirmisher
29:59 Thumb Ring
Connection lost

Rejoining the realm…

Still unreachable

The connection could not be restored.

Session expired

The server has moved on; the page needs a fresh start.